 Dungeon Crawl Stone Soup version 0.27.0-1-g7a089689b8 (webtiles) character file.

Game seed: 10840469145675114121

40 Spaninq the Gusty (level 3, -6/20 HPs)
             Began as a Gargoyle Air Elementalist on Aug 8, 2021.
             Splashed by a jelly's acid (10 damage)
             ... on level 1 of the Dungeon.
             The game lasted 00:05:15 (1811 turns).

Spaninq the Gusty (Gargoyle Air Elementalist)       Turns: 1811, Time: 00:05:15

Health: -6/20      AC: 12    Str: 12    XL:     3   Next: 50%
Magic:  6/6        EV:  5    Int: 15    God:
Gold:   98         SH:  0    Dex: 10    Spells: 5/6 levels left

rFire    . . .     SeeInvis .   f - +4 spear (vorpal)
rCold    . . .     Faith    .   (no shield)
rNeg     + . .     Spirit   .   a - +0 chain mail
rPois    ∞         Reflect  .   c - +0 helmet
rElec    +         Harm     .   (no cloak)
rCorr    .         Rampage  .   (no gloves)
Will     .....                  (no boots)
Stlth    ..........             (no amulet)
HPRegen  0.06/turn              (no ring)
MPRegen  0.10/turn              (no ring)

@: no status effects
A: sickness immunity, AC +3, negative energy resistance 1, electricity
resistance, torment resistance 1, petrification resistance
a: no special abilities


You were on level 1 of the Dungeon.
You visited 1 branch of the dungeon, and saw 2 of its levels.

You collected 98 gold pieces.

Inventory:

Hand Weapons
 d - a +0 whip
 f - a +4 vorpal spear (weapon)
Armour
 a - a +0 chain mail (worn)
 c - a +0 helmet (worn)
Scrolls
 b - a scroll of fog {unknown}
 e - a scroll of amnesia {unknown}
 i - a scroll of torment {unknown}
Potions
 g - a potion of cancellation {unknown}
 h - a potion of curing {unknown}


   Skills:
 + Level 1.5 Fighting
 * Level 1.4 Maces & Flails
 + Level 1.5 Armour
 - Level 1.8 Dodging
 - Level 2.1 Stealth
 - Level 2.0 Spellcasting
 - Level 1.1 Conjurations
 - Level 2.4 Air Magic


You had 5 spell levels left.
You knew the following spells:

 Your Spells              Type           Power      Damage    Failure   Level
a - Shock                 Conj/Air       24%        1d4       99%         1

Your spell library contained the following spells:

 Spells                   Type           Power      Damage    Failure   Level
 Static Discharge         Conj/Air       6%         N/A       100%        2
 Swiftness                Air            8%         N/A       100%        3
 Airstrike                Air            4%         N/A       100%        4


Dungeon Overview and Level Annotations

Branches:
Dungeon (2/15)

Altars:


Innate Abilities, Weirdness & Mutations

You are immune to sickness and miasma.
Your stone body is resilient. (AC +3)
You are immune to poison.
You resist negative energy. (rN+)
You are resistant to electric shocks. (rElec)
You are resistant to unholy torment.
You are immune to petrification.


Message History

Things that are here:
a +0 short sword; a kobold corpse The jelly jiggles.
There is an open door here.
Reach: f) +4 spear (vorpal)
Press: ? - help, Dir - move target, f - jelly
Aim: a jelly (about 10% to evade your +4 vorpal spear)
You reach to attack!
You hit the jelly.
The jelly is moderately wounded.
Reach: f) +4 spear (vorpal)
Press: ? - help, Dir - move target, f/p - jelly
Aim: a jelly (moderately wounded, about 10% to evade your +4 vorpal spear)
You reach to attack!
Your chain mail prevents you from hitting the jelly.
The jelly is moderately wounded.
There is an open gate here.
You see here a +0 trident.
There is a stone staircase leading up here.
The jelly barely misses you.
You climb upwards.
There is a stone staircase leading down here.
You hit the jelly.
Your hands burn!
The jelly is heavily wounded.
The jelly barely misses you.
You hit the jelly. The acid corrodes you!
Your hands burn!
* * * LOW HITPOINT WARNING * * *
The jelly is heavily wounded.
The jelly hits you but does no damage.
You are no longer corroded.
There is a stone staircase leading down here.
You hit the jelly. The acid corrodes you!
Your hands burn!
* * * LOW HITPOINT WARNING * * *
The jelly is almost dead.
The jelly hits you but does no damage.
You are no longer corroded.
The jelly hits you.
* * * LOW HITPOINT WARNING * * *
You are splashed with acid!
Ouch! That really hurt!
You die...

...........##..## ##.#.## ##.#
...........#.#..## ##.## #...
....<.........#..# ### #.(#
...........#.#..## #..#
...........##..##
###########.># ...........#..##
#............# ..........##..##
#.#########.##
.........#≈#...#####.# #.#
#.......#≈≈#...J@....# #####.##
####.#######..######.# #.......
..#...#.......# #.#####..##.##
...#.#........# #.......#.#.#
##..#...####### #######..##.#
......#.# #..##.# ##.#..#.#
#######..##.# #.##.#.######
#...........#
#.##.#......#######.#####..####


You could see a jelly.

Vanquished Creatures
  5 bats
  3 endoplasms
  2 goblins (D:2)
  3 hobgoblins (D:1)
  4 jackals (D:2)
  2 ball pythons
  3 frilled lizards (D:1)
  12 kobolds
  5 rats
39 creatures vanquished.

Vanquished Creatures (others)
  7 fungi (D:2)
  6 plants (D:2)
  5 toadstools (D:2)
18 creatures vanquished.

Grand Total: 57 creatures vanquished

Notes
Turn   | Place    | Note
-------+----------+-------------------------------------------
     0 | D:1      | Spaninq the Gargoyle Air Elementalist began the quest for
                  | the Orb.
     0 | D:1      | Reached XP level 1. HP: 10/10 MP: 3/3
   413 | D:1      | Reached XP level 2. HP: 11/16 MP: 1/5
   636 | D:1      | Reached skill level 1 in Fighting
   636 | D:1      | Reached skill level 1 in Armour
  1283 | D:2      | Reached skill level 1 in Maces & Flails
  1283 | D:2      | Reached XP level 3. HP: 20/20 MP: 6/6
  1811 | D:1      | Splashed by a jelly's acid

Illustrated notes

Levels and vault maps discovered:
D:1:      psy_arrival_dodecagon, layout_loops_ring
D:2:      cheibrodos_fertilizer, layout_loops_cross,
          dreamdust_ecumenical_altar_grove, minmay_tetromino_o4

Skill      XL: |  1  2 |
---------------+-------+-----
Fighting       | 1 |  1.5
Armour         | 1 |  1.5
Maces & Flails | 1 |  1.4
Dodging        | |  1.8
Stealth        | |  2.1
Spellcasting   | |  2.0
Conjurations   | |  1.1
Air Magic      | |  2.4

Action                   || total
-------------------------++-------
Melee: Unarmed           ||     3
       Spear             ||    61
 Cast: Shock             ||    24
Armor: Robe              ||    10
       Scale mail        ||     4
       Chain mail        ||    37
Dodge: Dodged            ||    21
